 Dungeon Sprint DCSS version 0.30-a0-534-gdc55766716 (webtiles) character file.

Game seed: 134732715396107541

3 rocky1 the Ducker (level 1, -3/24 HPs)
             Began as a Demonspawn Gladiator on Dec 25, 2022.
             Slain by a human (6 damage)
             ... in the Dungeon (Sprint III: "The Ten Rune Challenge").
             The game lasted 00:00:27 (80 turns).

rocky1 the Ducker (Demonspawn Gladiator)              Turns: 80, Time: 00:00:28

Health: -3/24      AC:  7    Str: 14    XL:     1   Next: 41%
Magic:  1/1        EV: 12    Int:  9    God:
Gold:   7          SH:  0    Dex: 14    Spells: 0/0 levels left

rFire   . . .      SeeInvis .    a - +0 flail
rCold   . . .      Faith    .    (no shield)
rNeg    . . .      Spirit   .    b - +0 leather armour
rPois   .          Reflect  .    c - +0 helmet
rElec   .          Harm     .    l - +2 cloak
rCorr   .          Rampage  .    (no gloves)
Will    .....      NoTele   +    (no boots) Stlth
                                 (no amulet)
HPRegen 0.24/turn                (no ring)
MPRegen 0.07/turn                (no ring)

@: berserking, very quick
A: no striking features
a: no special abilities


You were in the Dungeon.
You visited 1 branch You collected 7 gold pieces.

Inventory:

Hand Weapons
 a - a +0 flail (weapon)
Missiles
 e - a javelin (quivered)
Armour
 b - a +0 leather armour (worn)
 c - a +0 helmet (worn)
 l - a +2 cloak (worn)
Scrolls
 k - a scroll of blinking
Potions
 f - a potion of curing
 g - a potion of heal wounds
 h - a potion of haste
 i - 2 potions of magic


   Skills:
 + Level 2.2 Fighting
 + Level 3.0 Maces & Flails
 + Level 1.8 Throwing
 + Level 3.4 Dodging


You couldn't memorise any spells.
You didn't know any spells.
Your spell library was empty.

Dungeon Overview and Level Annotations

Branches:
Dungeon (1/1)

Altars:


Message History

No target in view!
No target in view!
No target in view!
No target in view!
No target in view!
Found 7 gold pieces.
There is an open door here.
Things that are here:
a rat corpse; a rat corpse You now have 7 gold pieces.
You open the door.
There is an open door here.
A human comes into view.
The human shouts!
The human hits you!
Throw: 3 throwing nets
Press: ? - help, Q - select action, (/) - cycle Shift-Dir - straight line, f - human
Aim: a human (48% to hit)
You throw a throwing net.
The throwing net closely misses the human.
The human hits you but does no damage.
Throw: 2 throwing nets
Press: ? - help, Q - select action, (/) - cycle Shift-Dir - straight line, f/p - human
Aim: a human (48% to hit)
You throw a throwing net.
The throwing net closely misses the human.
The human hits you but does no damage.
Throw: throwing net
Press: ? - help, Q - select action, (/) - cycle Shift-Dir - straight line, f/p - human
Aim: a human (48% to hit)
You throw a throwing net.
The throwing net closely misses the human.
The human hits you!
Ouch! That really hurt!
* * * LOW HITPOINT WARNING * * *
You barely miss the human. You punch the human, but do no damage.
The human hits you but does no damage.
A red film seems to cover your vision as you go berserk!
You feel yourself moving faster!
You feel mighty! The human hits you.
You die...

▓.....#
▓.....#...~~♣..♣..#
▓.....#..~~~~♣....+
▓####†#..~≈≈~~~...#
▓.....#.~~≈~~~....#
▓.....#.~≈~~~.....#
▓.....#.~~~.......#
▓'#####...........#
▓..........@p....(#
▓▓▓▓▓▓▓▓▓▓▓▓▓▓▓▓▓▓▓


You could see a human.

Vanquished Creatures
  An endoplasm (D)
  3 rats (D)
4 creatures vanquished.

Notes
Turn   | Place    | Note
-------+----------+-------------------------------------------
     0 | D        | rocky1 the Demonspawn Gladiator began the quest for the
                  | Orb.
     0 | D        | Reached XP level 1. HP: 16/16 MP: 1/1
    80 | D        | Slain by a human

Illustrated notes

Levels and vault maps discovered:
D:        dungeon_sprint_mu [sprint_mu_entry_forest, sprint_mu_temple_rooms,
          sprint_mu_d1_spiders, sprint_mu_d2_genie, sprint_mu_d3_branching,
          sprint_mu_orc_legion, sprint_mu_elf_gauntlet, sprint_mu_hive_nellie,
          sprint_mu_lair_fedhas, sprint_mu_vaults_butterflies,
          sprint_mu_slime_circle, sprint_mu_shoals_archi,
          sprint_mu_snake_twists, sprint_mu_blade_basic, sprint_mu_crypt_lich,
          sprint_mu_tomb_spiral, sprint_mu_vestibule_basic,
          sprint_mu_gehenna_hellfire, sprint_mu_dis_giant,
          sprint_mu_tartarus_statrot, sprint_mu_cocytus_islands, sprint_mu_zot1]

Skill      XL: |  1 |
---------------+----+-----
Dodging        | 3 |  3.4
Maces & Flails | 3 |  3.0
Fighting       | |  2.2
Throwing       | |  1.8

Action                   || total
-------------------------++-------
Melee: Flail             ||    14
       Punch             ||     2
Throw: Throwing net      ||     3
  Use: Potion            ||     1
Armor: Leather armour    ||     7
Dodge: Dodged            ||     4

Table legend: (Time is in decaauts)
 A = Elapsed time spent in this place.
 B = Non-inter-level travel time spent in this place.
 C = Inter-level travel time spent in this place.
 D = Time resting spent in this place.
 E = Time spent auto-exploring this place.
 F = Levels seen in this place.
 G = Mean time per level.
                   A        B        C        D        E       F      G
               +--------+--------+--------+--------+--------+-----+--------+
         Total |     83 |     83 |      0 |     22 |      1 |   1 |   83.0 |
       Dungeon |     83 |     83 |      0 |     22 |      1 |   1 |   83.0 |
               +--------+--------+--------+--------+--------+-----+--------+

Top non-repeatable levels by time:
       D: 83 daAuts
